 Dungeon Crawl Stone Soup version 0.25-a0-35-g747a2b3c0c (webtiles) character file.

Game seed: 18155254253280624464, levelgen mode: deterministic

60 Arixos the Skirmisher (level 3, -6/30 HPs)
             Began as a Demonspawn Monk on Oct 19, 2019.
             Mangled by a gnoll
             ... wielding a +0 whip
              (10 damage)
             ... on level 3 of the Dungeon.
             The game lasted 00:05:21 (1867 turns).

Arixos the Skirmisher (Demonspawn Monk)             Turns: 1867, Time: 00:05:22

Health: -6/30      AC:  3    Str: 12    XL:     3   Next: 82%
Magic:  12/12      EV: 13    Int: 11    God:
Gold:   116        SH:  0    Dex: 15    Spells: 2/2 levels left

rFire    . . .     SeeInvis .   o - +1 whip (flame)
rCold    . . .     Gourm    .   (no shield)
rNeg     . . .     Faith    .   j - +0 leather armour
rPois    .         Spirit   .   (no helmet)
rElec    .         Reflect  .   (no cloak)
rCorr    .         Harm     .   (no gloves)
MR       .....                  (no boots)
Stlth    ++........             (no amulet)
HPRegen  0.10/turn              e - ring of magical power
MPRegen  0.13/turn              (no ring)

@: no status effects
A: hooves 1
a: no special abilities


You were on level 3 of the Dungeon.
You were not hungry.

You visited 1 branch of the dungeon, and saw 4 of its levels.

You collected 116 gold pieces.

Inventory:

Hand Weapons
 n - a +0 spear
 o - a +1 whip of flaming (weapon)
Missiles
 m - 11 poisoned darts (quivered)
Armour
 a - a +0 robe
 j - a +0 leather armour (worn)
Jewellery
 e - a ring of magical power (left hand)
 r - an uncursed amulet of harm {unknown}
Scrolls
 f - 5 scrolls of identify {unknown}
 g - a scroll of teleportation {unknown}
 h - 3 scrolls of magic mapping {unknown}
 i - a scroll of remove curse {unknown}
 p - a scroll of enchant weapon {unknown}
Potions
 c - a potion of magic {unknown}
 k - a potion of lignification {unknown}
 l - a potion of degeneration {unknown}
 q - a potion of brilliance {unknown}
Comestibles
 b - 5 rations


   Skills:
 + Level 3.6 Fighting
 + Level 1.6 Armour
 + Level 3.3 Dodging
 - Level 1.7 Stealth
 - Level 2.6 Unarmed Combat


You had 2 spell levels left.
You didn't know any spells.
Your spell library was empty.

Dungeon Overview and Level Annotations

Branches:
Dungeon (4/15)
 Temple: D:4-7

Altars:
Hepliaklqana


Innate Abilities, Weirdness & Mutations

You have large cloven feet.


Message History

You see here a throwing net.
You can't do that while held in a net.
You struggle against the net.
The gnoll hits you! The gnoll hits you but does no damage.
The gnoll barely misses you.
You struggle against the net.
The gnoll hits you. The gnoll hits you! The gnoll hits you with a +0 whip.
* * * LOW HITPOINT WARNING * * *
You tear a large gash into the net.
The gnoll hits you but does no damage. The gnoll hits you.
* * * LOW HITPOINT WARNING * * *
The gnoll closely misses you.
You can't do that while held in a net.
You shred the net and break free! The gnoll barely misses you. x2
The gnoll hits you with a +0 whip.
* * * LOW HITPOINT WARNING * * *
You hit the gnoll. You burn the gnoll.
The gnoll is lightly wounded.
The gnoll closely misses you. The gnoll hits you but does no damage.
The gnoll hits you with a +0 whip!
You die...

######## ..g..gg
#......# .......
#.####.# .g.....
###.# #.# .......
#...# #.# ...g...
#.######.# ...$..(
#.#...gg.##.......
#.#.##@g..........
####.#'##.g..........
#.......(...##.......
#...........##.####.#
#..............# .
#...........####
#...........#
#......)....#
#...........#


You could see 3 gnolls and a hobgoblin.

Vanquished Creatures
  2 oozes
  2 worms (D:2)
  3 ball pythons (D:1)
  A giant cockroach (D:1)
  9 goblins
  6 hobgoblins
  3 jackals (D:1)
  4 bats
  2 frilled lizards
  5 kobolds
  3 rats
40 creatures vanquished.

Notes
Turn   | Place    | Note
-------+----------+-------------------------------------------
     0 | D:1      | Arixos the Demonspawn Monk began the quest for the Orb.
     0 | D:1      | Reached XP level 1. HP: 18/18 MP: 1/1
   200 | D:1      | Gained mutation: You have large cloven feet. [demonic
                  | ancestry]
   200 | D:1      | Reached XP level 2. HP: 23/24 MP: 2/2
   406 | D:1      | Reached skill level 1 in Armour
   733 | D:1      | Reached XP level 3. HP: 16/29 MP: 3/3
  1141 | D:2      | Found a hazy altar of Hepliaklqana.
  1867 | D:3      | Mangled by a gnoll

Levels and vault maps discovered:
D:1:      saegor_arrival_simple_b, layout_basic
D:2:      layout_basic, overflow_temple_1_default, first_ration
D:3:      layout_basic
D:4:      layout_basic, grunt_temple_overflow_cloverleaf

Skill      XL: |  1  2 |
---------------+-------+-----
Dodging        | 3 |  3.3
Armour         | 1 |  1.6
Fighting       | |  3.6
Stealth        | |  1.7
Unarmed Combat | |  2.6

Action                   || total
-------------------------++-------
Melee: Unarmed           ||    62
       Spear             ||    26
       Kick              ||    19
       Whip              ||    31
 Stab: Sleeping          ||     6
       Distracted        ||     1
  Eat: Chunk             ||     3
Armor: Robe              ||     4
       Leather armour    ||    13
Dodge: Dodged            ||    69

Table legend:
 A = Non-vault XP
 B = Vault XP
 C = Vault XP percentage of total XP
 D = Non-vault monster count
 E = Vault monster count
 F = Vault count percentage of total count
                 A         B        C        D         E       F
            +---------+---------+-------+---------+---------+-------
      Total |      87 |       0 |   0.0 |      40 |       0 |   0.0
            +---------+---------+-------+---------+---------+-------
        D:1 |      45 |       0 |   0.0 |      23 |       0 |   0.0
        D:2 |      36 |       0 |   0.0 |      14 |       0 |   0.0
        D:3 |       4 |       0 |   0.0 |       2 |       0 |   0.0
        D:4 |       2 |       0 |   0.0 |       1 |       0 |   0.0
            +---------+---------+-------+---------+---------+-------
